Map: Terraform LE (Void)

Players

Beastyqt

  • Race: Terran Terran
  • League: Diamond

AcerBly (Bly) - Winner!

  • Race: Zerg Zerg
  • League: Master

VOD

Have the link to the VOD?

Description

Time

  • Played on: Sept. 5, 2015, 6:31 p.m.
  • Length: 10:57
Show
View Real Time Build Order
Export as new Build Order

Beastyqt Terran 

Build Orders: MMM Bio 

Get SALT Encoding   

  12  0:00  SCV  
  13  0:13  SCV  
  14  0:18  Supply Depot  
  14  0:40  Barracks  
  14  0:42  Refinery  
  14  0:54  Barracks  
  14  1:00  SCV  
  15  1:28  Reaper  
  15  1:29  Orbital Command  
  16  1:50  Reaper  
  17  1:57  SCV  
  17  1:58  Supply Depot  
  18  2:04  Reaper  
  19  2:11  Bunker  
  19  2:15  Bunker  
  18  2:24  SCV  
  18  2:29  Reaper  
  20  2:36  SCV  
  20  2:38  Refinery  
  20  2:39  Reaper  
  21  2:48  SCV  
  22  2:59  Command Center  
  22  3:01  SCV  
  24  3:13  SCV  
  24  3:23  Factory  
  24  3:25  SCV  
  25  3:29  Supply Depot  
  24  3:43  SCV  
  25  3:55  SCV  
  26  4:04  Barracks  
  26  4:07  Starport  
  26  4:08  Widow Mine  
  26  4:09  SCV  
  29  4:11  Orbital Command  
  29  4:21  SCV  
  30  4:27  Liberator  
  30  4:32  Armory  
  30  4:34  SCV  
  34  4:45  Factory Tech Lab  
  34  4:47  SCV, Marine  
  34  4:51  Orbital Command  
  37  5:06  Marine  
  37  5:09  Marine x2  
  37  5:10  Liberator  
  37  5:11  SCV  
  37  5:12  Siege Tank  
  40  5:17  SCV  
  39  5:23  SCV  
  39  5:25  Barracks Tech Lab  
  41  5:29  SCV  
  43  5:35  SCV  
  43  5:41  Supply Depot, SCV  
  44  5:47  SCV, Marine x3  
  48  5:56  SCV  
  49  5:59  Liberator  
  49  6:01  Stimpack  
  48  6:04  SCV  
  48  6:05  Marine x2  
  48  6:08  Marine  
  48  6:09  Supply Depot  
  47  6:15  SCV  
  47  6:17  SCV  
  50  6:23  Marine  
  51  6:27  SCV  
  51  6:29  SCV  
  53  6:39  SCV  
  54  6:41  SCV  
  54  6:44  Command Center  
  54  6:46  Barracks Reactor x2  
  57  6:47  Marauder  
  57  6:51  SCV  
  57  6:54  SCV  
  59  6:57  Liberator  
  59  7:03  SCV  
  59  7:06  SCV  
  61  7:14  Marauder  
  61  7:15  SCV  
  64  7:16  Refinery  
  64  7:18  SCV, Refinery  
  64  7:21  Supply Depot  
  64  7:22  Supply Depot  
  65  7:27  SCV  
  65  7:28  Marine x2  
  65  7:29  Marine x2  
  67  7:30  SCV  
  67  7:35  Marine  
  67  7:39  SCV  
  67  7:40  Factory Reactor  
  67  7:42  SCV  
  69  7:46  Marine x2  
  69  7:49  Engineering Bay x2  
  71  7:51  SCV  
  71  7:54  SCV  
  71  7:57  Orbital Command  
  73  7:59  Marine x2  
  73  8:04  SCV  
  76  8:06  SCV, Marine x2  
  76  8:13  Marine  
  76  8:16  SCV  
  76  8:17  Marine, Widow Mine x2  
  76  8:18  SCV, Starport Reactor  
  83  8:23  Missile Turret  
  83  8:27  Missile Turret, Orbital Command  
  83  8:28  SCV  
  83  8:30  SCV, Missile Turret  
  85  8:36  Marine  
  85  8:37  Supply Depot, Marine  
  85  8:41  Marine x2  
  88  8:43  Marine  
  85  8:49  SCV  
  85  8:54  Marine x2  
  85  8:55  Terran Infantry Weapons Level 1, Terran Infantry Armor Level 1  
  88  8:56  SCV  
  88  8:59  SCV  
  88  9:01  SCV  
  91  9:06  Medivac x2  
  91  9:08  SCV  
  96  9:11  SCV  
  96  9:13  SCV  
  96  9:18  Widow Mine x2, Marine  
  96  9:19  Marine x2  
  96  9:20  SCV  
  96  9:23  SCV  
  104  9:24  Bunker, Liberator  
  104  9:25  Missile Turret  
  104  9:27  Combat Shields, Marine  
  104  9:28  Marine  
  104  9:29  SCV  
  107  9:32  SCV  
  107  9:35  SCV  
  107  9:37  Supply Depot  
  109  9:41  SCV  
  109  9:42  Liberator  
  113  9:48  SCV  
  113  9:49  Marine x3  
  113  9:50  Marine  
  113  9:52  Supply Depot  
  118  9:56  Sensor Tower  
  118  9:59  Marine  
  120  10:01  SCV  
  120  10:06  Widow Mine x2  
  122  10:07  Marine  
  122  10:10  Marine x2  
  122  10:16  Missile Turret  
  122  10:17  Missile Turret x2, Marine x2  
  124  10:24  SCV  
  124  10:25  Marine  
  115  10:34  Marine  
  103  10:36  Marauder  
  103  10:38  Marine  
Show
View Real Time Build Order
Export as new Build Order

AcerBly Zerg - Winner!

Build Orders: Hatch First 

Get SALT Encoding   

  12  0:01  Drone  
  13  0:13  Overlord  
  13  0:19  Drone  
  14  0:25  Extractor  
  14  0:27  Drone  
  15  0:33  Drone  
  16  0:37  Drone  
  17  0:54  Hatchery  
  16  0:59  Extractor  
  15  1:10  Spawning Pool  
  14  1:12  Drone  
  14  1:15  Drone  
  16  1:30  Drone  
  17  1:56  Zergling x2  
  17  1:57  Queen, Zergling x4  
  22  2:04  Metabolic Boost  
  22  2:05  Queen  
  24  2:11  Zergling x2  
  24  2:14  Zergling x2  
  26  2:23  Zergling x4  
  28  2:34  Overlord  
  27  2:46  Overlord  
  26  2:55  Zergling x8  
  30  3:02  Zergling x2  
  31  3:06  Drone x2  
  31  3:07  Drone  
  31  3:10  Zergling x2  
  35  3:16  Queen  
  37  3:26  Drone x4  
  41  3:30  Drone  
  42  3:37  Overlord  
  42  3:45  Overlord  
  42  3:51  Drone  
  43  4:01  Drone  
  43  4:02  Drone x5  
  49  4:06  Drone  
  50  4:10  Drone x3  
  53  4:26  Hatchery, Drone x2  
  54  4:43  Drone x4  
  54  4:44  Drone, Overlord x2  
  59  4:46  Extractor  
  59  4:47  Lair, Extractor  
  59  4:51  Extractor  
  50  5:00  Drone x4  
  51  5:17  Roach Warren  
  49  5:28  Zergling x18  
  57  5:36  Drone  
  57  5:37  Drone  
  59  5:47  Overlord  
  59  5:51  Overlord  
  59  5:53  Drone  
  59  5:54  Drone x2, Overseer  
  59  5:55  Overlord  
  59  5:56  Glial Reconstitution  
  62  5:57  Drone x3  
  62  5:58  Overlord  
  56  6:17  Drone x3  
  58  6:18  Spire  
  58  6:20  Overlord  
  58  6:22  Roach x6  
  67  6:35  Spore Crawler  
  66  6:43  Ravager x2  
  66  6:46  Drone x5  
  74  6:48  Ravager  
  74  6:54  Drone  
  74  7:00  Drone x3  
  76  7:08  Drone x3  
  75  7:09  Drone  
  75  7:10  Drone  
  78  7:16  Drone  
  78  7:17  Drone x3  
  78  7:20  Drone  
  79  7:26  Overlord  
  79  7:33  Overlord  
  79  7:42  Mutalisk  
  79  7:43  Mutalisk x6  
  93  7:46  Extractor  
  93  7:47  Extractor  
  91  7:55  Drone x3  
  91  7:56  Hatchery, Drone x3  
  94  8:16  Mutalisk x4  
  102  8:20  Drone x3  
  102  8:21  Drone x5  
  102  8:22  Infestation Pit  
  102  8:26  Drone x2  
  102  8:27  Evolution Chamber, Drone  
  112  8:28  Overlord  
  112  8:29  Evolution Chamber  
  110  8:35  Mutalisk  
  110  8:36  Mutalisk x3  
  110  8:38  Overlord  
  108  8:52  Overlord  
  108  8:56  Roach  
  108  8:57  Roach x11  
  108  8:59  Zerg Melee Weapons Level 1  
  132  9:28  Roach x15  
  162  9:33  Extractor  
  162  9:34  Extractor  
  162  9:37  Overlord  
  160  9:39  Hive  
  160  9:45  Baneling Nest  
  159  9:46  Drone  
  159  9:50  Overlord  
  159  9:51  Overlord x2  
Tags
 
Add a new tag
Caveats
  • Supply blocks, unpowered buildings, or Contaminate may cause inaccurate times.
  • Supply counts are checked every 10 seconds.